 Dungeon Crawl Stone Soup version 0.14-a0-1876-g927fc3a (webtiles) character file.

160 Piginabag the Ruffian (level 4, -4/33 HPs)
             Began as a Formicid Monk on Jan 15, 2014.
             Killed from afar by an orc wizard (5 damage)
             ... with a magic dart
             ... on Level 3 of the Dungeon.
             The game lasted 00:02:39 (1841 turns).

Piginabag the Ruffian (Formicid Monk)               Turns: 1841, Time: 00:02:40

HP  -4/33        AC  6     Str 17      XL: 4   Next: 81%
MP   4/4         EV  9     Int  9      God:
Gold 87          SH  7     Dex 13      Spells:  0 memorised,  3 levels left

rFire  . . .     SeeInvis +     m - +0 orc whip
rCold  . . .     Clarity  .     n - +0 ring mail
rNeg   . . .     Conserve .     o - +0 buckler
rPois  x         rCorr    .     (helmet unavailable)
rElec  .         rRot     .     (no cloak)
SustAb . .       Spirit   .     (no gloves)
rMut   .         Warding  .     (no boots)
Saprov . . .     Stasis   +     (no amulet)
MR     .....                    (no ring)
                                (no ring)

@: not resistant to hostile enchantments, unstealthy
A: permanent stasis, dig shafts and tunnels, four strong arms, poison weakness,
antennae 3, exoskeleton 1
a: Dig, Shaft Self


You were on level 3 of the Dungeon.
You were not hungry.

You visited 1 branch of the dungeon, and saw 3 of its levels.

You collected 87 gold pieces.

Inventory:

Hand weapons
 m - a +0,+0 orcish whip (weapon)
Armour
 n - a +0 ring mail (worn)
 o - a +0 buckler (worn)
Comestibles
 b - a bread ration
 g - 13 sultanas
 i - 2 apples
Scrolls
 a - a scroll of enchant weapon II {unknown}
 d - 2 scrolls of identify
 f - a scroll of teleportation
 j - 2 scrolls of remove curse {unknown}
 k - a scroll of magic mapping {unknown}
 l - a scroll of random uselessness {unknown}
 p - a scroll of recharging {unknown}
 q - a scroll of curse jewellery {unknown}
Jewellery
 r - an uncursed ring of magical power


   Skills:
 + Level 3.6 Fighting
 + Level 0.4 Maces & Flails
 + Level 1.7 Armour
 + Level 3.4 Dodging
 - Level 2.4 Stealth
 - Level 4.1 Unarmed Combat


You had 3 spell levels left.
You didn't know any spells.

Dungeon Overview and Level Annotations

Branches:
Dungeon (3/16)

Altars:
Sif Muna


Innate Abilities, Weirdness & Mutations

Your are under a permanent stasis effect.
You can dig through walls and to a lower floor.
Your four strong arms can wield any weapon, most with a shield.
You are susceptible to poison.
You have a pair of large antennae on your head (SInv).
Your body is surrounded by an exoskeleton. (HP +5, AC +1)


Message History

You are too injured to fight recklessly!
You hit the orc wizard but do no damage.
The orc wizard is moderately wounded.
The orc wizard gestures at you while chanting.
The magic dart hits you!
* * * LOW HITPOINT WARNING * * *
The orc wizard closely misses you.
You miss the orc wizard.
The orc wizard is moderately wounded.
The orc wizard barely misses you.
The orc wizard hits you with an orcish dagger.
* * * LOW HITPOINT WARNING * * *
You hit the orc wizard.
The orc wizard is heavily wounded.
The orc wizard hits you but does no damage.
You hit the orc wizard.
The orc wizard is severely wounded.
The orc wizard casts a spell at you. The magic dart hits you!
You die...

# #......# #.# # #
#.....(# #.# # .
###......# #.# # #
#........# #.#####
#...###.## #..%...
#...# #.# ####### #####
#.# { ####### #.#
###.o...#####@#########
{
#...o[...o..o..........
#.#.....#####.#...#####
#......${ #.#...#
######...##.#...#
...##.##### ...##.#
...##.# ..!....


You could see an orc wizard and an orc.

Vanquished Creatures
  2 adders
  An ooze (D:1)
  2 orcs (D:3)
  6 bats
  4 giant cockroaches
  6 hobgoblins
  4 jackals (D:1)
  2 giant newts (D:1)
  8 goblins
  6 kobolds
  A quokka (D:3)
  7 rats
49 creatures vanquished.

Notes
Turn   | Place    | Note
--------------------------------------------------------------
     0 | D:1      | Piginabag, the Formicid Monk, began the quest for the Orb.
     0 | D:1      | Reached XP level 1. HP: 19/19 MP: 1/1
   137 | D:1      | Reached XP level 2. HP: 17/24 MP: 2/2
   289 | D:1      | Reached XP level 3. HP: 11/28 MP: 3/3
   660 | D:2      | Found a deep blue altar of Sif Muna.
   900 | D:2      | Reached XP level 4. HP: 23/33 MP: 4/4
  1340 | D:3      | Reached skill level 1 in Armour
  1839 | D:3      | HP: 1/33 [orc wizard/orcish dagger (1)]
  1841 | D:3      | Killed from afar by an orc wizard

Action                   |  1- 3 |  4- 6 || total
-------------------------+-------+-------++-------
Melee: Unarmed           |    61 |       ||    61
       Whip              |    39 |   110 ||   149
  Use: Scroll            |       |     7 ||     7
       Potion            |       |     2 ||     2
 Stab: Sleeping          |     4 |     1 ||     5
